 Dungeon Crawl Stone Soup version 0.26.0-11-g8f856b5395 (webtiles) character file.

Game seed: 16252463599817952489

168 Destapler the Cudgeller (level 5, -1/31 (33) HPs)
             Began as a Tengu Monk on Jan 15, 2021.
             Slain by a wight
             ... wielding a +3 scimitar
              (4 damage)
             ... on level 2 of the Dungeon.
             The game lasted 00:04:13 (2275 turns).

Destapler the Cudgeller (Tengu Monk)                Turns: 2275, Time: 00:04:14

HP:   -1/31 (33)    AC:  4    Str: 10 (11) XL:     5   Next: 48%
MP:   6/6           EV: 17    Int:  9 (10) God:
Gold: 140           SH:  0    Dex: 16 (18) Spells: 4/4 levels left

rFire    . . .     SeeInvis .   a - +1 mace
rCold    + . .     Faith    .   (no shield)
rNeg     . . .     Spirit   .   k - +2 robe {rC+}
rPois    .         Reflect  .   (helmet restricted)
rElec    .         Harm     .   (no cloak)
rCorr    .         Rampage  .   (no gloves)
Will     .....                  (boots unavailable)
Stlth    ++........             (no amulet)
HPRegen  0.10/turn              (no ring)
MPRegen  0.10/turn              (no ring)

@: flying quickly and evasively, drained, quick
A: beak, talons 3, able to fly
a: Stop Flying


You were on level 2 of the Dungeon.
You visited 1 branch of the dungeon, and saw 3 of its levels.

You collected 140 gold pieces.

Inventory:

Hand Weapons
 a - a +1 mace (weapon)
 b - a +0 short sword
Missiles
 d - 5 javelins (quivered)
Armour
 k - a +2 robe of cold resistance (worn)
Scrolls
 e - a scroll of enchant weapon
 h - 3 scrolls of remove curse
 i - a scroll of magic mapping
 j - 2 scrolls of amnesia
Potions
 f - a potion of curing
 g - 2 potions of heal wounds


   Skills:
 + Level 3.9 Fighting
 + Level 4.3 Maces & Flails
 + Level 4.3 Dodging
 + Level 3.3 Stealth


You had 4 spell levels left.
You didn't know any spells.
Your spell library was empty.

Dungeon Overview and Level Annotations

Branches:
Dungeon (3/15)

Altars:
Trog


Innate Abilities, Weirdness & Mutations

You have a beak for a mouth.
You have claws for feet.
You can fly continuously.


Message History

There was something very wrong with that liquid.
You feel weakened.
You feel dopey.
You feel clumsy. The wight closely misses you. The wight completely misses you.
Unknown command.
You hit the wight. Your kick misses the wight.
The wight is moderately damaged.
The wight hits you with a cursed +5 scimitar!
* * * LOW HITPOINT WARNING * * *
The wight barely misses you. The wight hits you but does no damage.
You barely miss the wight.
The wight is moderately damaged.
The wight barely misses you.
The wight hits you with a cursed +0 mace.
* * * LOW HITPOINT WARNING * * *
The wight closely misses you.
You hit the wight but do no damage.
The wight is moderately damaged.
The wight completely misses you. The wight misses you.
The wight hits you with a +3 scimitar.
You die...

#..#≈≈≈#....###.#†####.##########
#.###+##..#.##.###.##.......<....
#.# #..)..#.#.## ##.#..##########
#.# ###.###..## ##...# #.#
#.......## ##.##.# #.#
#######..#.###.###.# #.#
#.........#.#.## #.# #.#
#.#####..###z## #.########## #.#
#.# #.## #@#####........... #.#
#.# #.# #zz.........######
#.###.#####.# ###########.#
............# #.# #..(........#
#.# ######.###.## #.# #.###.# #.#
#..##.# #####.# ##.##.# #.....#


You could see 3 wights.

Vanquished Creatures
  A centaur (D:2)
  A wight (D:2)
  A worm (D:2)
  2 dart slugs (D:1)
  A leopard gecko (D:1)
  6 bats
  4 giant cockroaches
  5 goblins
  4 hobgoblins
  5 jackals (D:2)
  4 frilled lizards
  3 kobolds
  8 rats
45 creatures vanquished.

Notes
Turn   | Place    | Note
-------+----------+-------------------------------------------
     0 | D:1      | Destapler the Tengu Monk began the quest for the Orb.
     0 | D:1      | Reached XP level 1. HP: 14/14 MP: 2/2
   427 | D:1      | Reached XP level 2. HP: 19/19 MP: 3/3
   647 | D:1      | Reached XP level 3. HP: 20/23 MP: 4/4
  1044 | D:2      | Noticed a centaur
  1057 | D:2      | Killed a centaur
  1058 | D:2      | Reached XP level 4. HP: 5/29 MP: 5/5
  1435 | D:2      | Gained mutation: You can fly continuously. [Tengu growth]
  1435 | D:2      | Reached XP level 5. HP: 31/33 MP: 6/6
  1657 | D:2      | Found a bloodstained altar of Trog.
  2275 | D:2      | Slain by a wight

Illustrated notes

Levels and vault maps discovered:
D:1:      onia_arrival_mini_spirals, layout_rooms
D:2:      layout_loops_ring, minmay_liquid_box, trog_three_pillars_becter
D:3:      layout_rooms

Skill      XL: |  1  2  3 |
---------------+----------+-----
Maces & Flails | 4 |  4.3
Dodging        | 4 |  4.3
Stealth        | 3 |  3.3
Fighting       | |  3.9

Action                   |  1- 3 |  4- 6 || total
-------------------------+-------+-------++-------
Melee: Mace              |    55 |    44 ||    99
       Kick              |    16 |     8 ||    24
       Peck              |     5 |     6 ||    11
 Abil: Fly               |       |     1 ||     1
  Use: Potion            |     2 |     1 ||     3
       Scroll            |       |     4 ||     4
 Stab: Sleeping          |     4 |     7 ||    11
Armor: Robe              |     7 |     2 ||     9
Dodge: Dodged            |    42 |    44 ||    86
